 Dungeon Crawl Stone Soup version 0.30.0-16-gbe6223bb7e (webtiles) character file.

Game seed: 18420702152418856843

181 Tyszek the Poker (level 5, -5/45 HPs)
             Began as a Minotaur Fighter on May 20, 2023.
             Killed from afar by an orc wizard (8 damage)
             ... with a magic dart
             ... on level 3 of the Dungeon.
             The game lasted 00:03:19 (1772 turns).

Tyszek the Poker (Minotaur Fighter)                 Turns: 1772, Time: 00:03:20

Health: -5/45      AC:  7    Str: 22    XL:     5   Next: 34%
Magic:  4/4        EV:  9    Int:  4    God:
Gold:   107        SH:  5    Dex: 13    Spells: 4/4 levels left

rFire   . . .        a - +0 trident
rCold   . . .        c - +0 buckler
rNeg    . . .        b - +0 scale mail
rPois   .            (helmet restricted)
rElec   .            (no cloak)
rCorr   .            (no gloves)
SInv    .            (no boots)
Will    .....        (no amulet) Stlth
                     (no ring)
HPRegen 0.27/turn    (no ring)
MPRegen 0.09/turn

%: no passive effects
@: brilliant, invisible
A: horns 2, retaliatory headbutt, agile 1, mutation resistance 1
a: no special abilities


You were on level 3 of the Dungeon.
You visited 1 branch of the dungeon, and saw 3 of its levels.

You collected 107 gold pieces.

Inventory:

Hand Weapons
 a - a +0 trident (weapon)
Armour
 b - a +0 scale mail (worn)
 c - a +0 buckler (worn)
Jewellery
 p - an amulet of faith
Scrolls
 e - 6 scrolls of identify {unknown}
 f - 3 scrolls of blinking {unknown}
 g - 2 scrolls of enchant weapon {unknown}
 h - a scroll of teleportation {unknown}
 i - a scroll of amnesia {unknown}
 l - a scroll of poison {unknown}
 o - a scroll of vulnerability {unknown}
Potions
 d - a potion of might
 k - 2 potions of mutation
 m - a potion of attraction
 q - a potion of haste {unknown}


   Skills:
 - Level 3.6 Fighting
 * Level 5.0 Polearms
 + Level 5.0 Armour
 + Level 0.6 Dodging
 + Level 4.4 Shields


You had 4 spell levels left.
You didn't know any spells.
Your spell library was empty.

Dungeon Overview and Level Annotations

Branches:
Dungeon (3/15)

Altars:
Nemelex Xobeh

Shops:
D:2 *


Innate Abilities, Weirdness & Mutations

You have a pair of horns on your head.
You reflexively headbutt those who attack you in melee.
You are agile. (Dex +4, Str/Int -1)
You are somewhat resistant to further mutation.


Message History

You kill the centaur!
The frilled lizard closely misses you.
Your Polearms skill increases to level 5!
Your Armour skill increases to level 5!
You have reached level 5!
You hit the orc. Your headbutt misses the orc.
The orc is severely wounded.
You block the orc's attack. The frilled lizard closely misses you.
You block the orc priest's attack.
You hit the orc.
The orc is almost dead.
The orc hits you but does no damage.
The frilled lizard bites you but does no damage.
The orc priest barely misses you.
You closely miss the orc. You headbutt the orc.
You kill the orc!
The orc priest closely misses you. The frilled lizard bites you.
You closely miss something. Your headbutt misses something.
The orc priest mumbles some strange prayers to Beogh against you.
Beogh smites you!
* * * LOW HITPOINT WARNING * * *
Something hits you but does no damage.
The frilled lizard bites you but does no damage.
The orc priest mumbles some strange prayers to Beogh against you.
You hear some strange, mumbled words.
A puff of flame appears from out of thin air!
The puff of flame misses you.
You hear some strange, mumbled words.
Something tries to affect you, but you resist.
You see here a +0 whip.
A magic dart appears from out of thin air!
The magic dart hits you.
* * * LOW HITPOINT WARNING * * *
It was a potion of brilliance.
You feel clever all of a sudden.
It was a potion of invisibility.
You fade into invisibility!
A magic dart appears from out of thin air!
The magic dart hits you!
You die...

...........o.J........
### ###
#......J#.##..##...
..... ... #...†..{#o#
..# ....#
#.###......o#.##..#
....#
#.....#####Jl.....#
##..#
###.#######{###.$.#
$#..# #.# #....# ..#
?#..#
#.####....###.###
)#.÷# #.##...@......#
##..# #...........###
)...#### ####...<....#
)).....########...##.#
#####.............##.#
######.####..........#
...>##.# #.##########
###<##.# #.# #.##.#
#.#


You could see an orc priest (unable to see you), an orc (unable to see you), an
endoplasm and a frilled lizard (unable to see you).

Vanquished Creatures
  A centaur (D:3)
  An orc wizard (D:3)
  2 adders
  2 dart slugs
  5 orcs (D:3)
  3 ball pythons
  5 endoplasms
  A giant cockroach (D:2)
  4 goblins
  6 hobgoblins
  4 quokkas
  3 bats
  2 frilled lizards (D:1)
  3 kobolds
  5 rats
47 creatures vanquished.

Notes
Turn   | Place    | Note
-------+----------+-------------------------------------------
     0 | D:1      | Tyszek the Minotaur Fighter began the quest for the Orb.
     0 | D:1      | Reached XP level 1. HP: 19/19 MP: 0/0
     0 | D:1      | Noticed an iron dragon
     1 | D:1      | Noticed a red draconian
     2 | D:1      | Noticed an iron dragon
     4 | D:1      | Noticed a shadow dragon
     5 | D:1      | Noticed a large abomination
     8 | D:1      | Noticed an iron dragon
    11 | D:1      | Noticed an ice dragon
    13 | D:1      | Noticed a purple draconian
    15 | D:1      | Noticed a green draconian
    15 | D:1      | Noticed an ice dragon
    17 | D:1      | Noticed a shadow dragon
    17 | D:1      | Noticed an ice dragon
    19 | D:1      | Noticed a purple draconian
    19 | D:1      | Noticed a tentacled monstrosity
   186 | D:1      | Reached XP level 2. HP: 10/26 MP: 1/1
   832 | D:2      | Reached XP level 3. HP: 31/31 MP: 2/2
  1087 | D:2      | Found Uhaghel's General Store.
  1521 | D:3      | Gained mutation: You are agile. (Dex +4, Str/Int -1)
                  | [potion of mutation]
  1521 | D:3      | Gained mutation: You are somewhat resistant to further
                  | mutation. [potion of mutation]
  1532 | D:3      | Reached XP level 4. HP: 11/39 MP: 3/3
  1743 | D:3      | Found a sparkling altar of Nemelex Xobeh.
  1745 | D:3      | Noticed a centaur
  1757 | D:3      | Killed a centaur
  1758 | D:3      | Reached skill level 5 in Polearms
  1758 | D:3      | Reached skill level 5 in Armour
  1758 | D:3      | Reached XP level 5. HP: 16/45 MP: 4/4
  1768 | D:3      | HP: 2/45 [something/magic dart (4)]
  1772 | D:3      | Killed from afar by an orc wizard

Illustrated notes

Levels and vault maps discovered:
D:1:      shiori_arrival_whats_in_store_for_you, layout_basic
D:2:      layout_loops_ring, serial_shops, shop_fountains
D:3:      layout_loops_ring, nemelex_xobeh_ov_fountains_minmay,
          due_unseen_surprise

Skill      XL: |  1  2  3  4 |
---------------+-------------+-----
Armour         | 4 5 |  5.0
Shields        | 4 |  4.4
Polearms       | 3 4 5 |  5.0
Fighting       | |  3.6
Dodging        | |  0.6

Action                     |  1- 3 |  4- 6 || total
---------------------------+-------+-------++-------
  Melee: Trident           |   137 |    15 ||   152
         Headbutt          |     6 |     2 ||     8
    Use: Potion            |     4 |     2 ||     6
 Armour: Scale mail        |    58 |    12 ||    70
  Dodge: Dodged            |    52 |    15 ||    67
  Block: Buckler           |    17 |     6 ||    23
